WCHLSIM.com - West Coast Hockey League
Teams
League projects
html PUBLIC "-//W3C//DTD XHTML 1.0 Transitional//EN" "http://www.w3.org/TR/xhtml1/DTD/xhtml1-transitional.dtd"> WCHL - Game 106 - TEXAS TOROS vs SALEM BLACK JAYS

TEXAS TOROS vs SALEM BLACK JAYS

Created - 29 octobre 2024 at 23:45

Goals
1 2 3 T
TEXAS TOROS 0 1 0 1
SALEM BLACK JAYS 1 1 1 3
Shots
1 2 3 T
TEXAS TOROS 7 10 3 20
SALEM BLACK JAYS 10 12 11 33

1st period

1. SALEM BLACK JAYS , Mitchell Marner 5 (Mikko Rantanen 7, Cody Ceci 3) at 2:16

Penalties :
Dougie Hamilton (TEX) for Roughing (Minor) at 11:45

2nd period

2. TEXAS TOROS , Trevor Zegras 1 (Logan Cooley 1, Brandon Duhaime 4) at 8:02
3. SALEM BLACK JAYS , Dylan Larkin 4 (Mitchell Marner 5) at 11:39

Penalties :
Mikko Rantanen (SAL) for Hooking (Minor) at 5:06, Cody Ceci (SAL) for High sticking (Minor) at 17:19, Brandon Duhaime (TEX) for Cross-checking (Minor) at 19:20

3rd period

4. SALEM BLACK JAYS , Mitchell Marner 6 (Urho Vaakanainen 1, Dylan Larkin 4) at 19:19 (Empty Net)

Penalties :
Bobby Brink (TEX) for Hooking (Minor) at 11:48

Goalie Stats

Philipp Grubauer (TEX), 30 saves from 32 shots - (0,938), L, 3-4-0, 59:42 minutes
Juuse Saros (SAL), 19 saves from 20 shots - (0,950), W, 4-2-0, 60:00 minutes

Players Stats for TEXAS TOROS

Player Name              G  A  P  +/- PIM S  H  SB GA TA FO     MP     PP MP  PK MP  
------------------------------------------------------------------------------------
Bobby Brink              0  0  0  -1  2   2  0  0  0  0  0/0    12:12   0:00   0:00 
Brandon Duhaime          0  1  1   0  2   1  0  0  0  0  0/0     7:42   0:00   0:00 
Danton Heinen            0  0  0  -1  0   0  2  0  0  0  0/2    20:11   2:14   2:03 
Dougie Hamilton          0  0  0   0  2   0  2  0  0  0  0/0    19:42   1:21   2:03 
Isaak Phillips           0  0  0  -1  0   0  1  1  0  0  0/0    15:44   0:00   0:46 
Kevin Hayes              0  0  0  -1  0   1  0  0  0  0  8/11   14:16   0:00   2:03 
Logan Cooley             0  1  1   0  0   2  0  0  0  0  4/12    7:43   0:00   0:00 
Mikhail Sergachev        0  0  0  -1  0   0  1  3  0  0  0/0    24:33   2:37   3:08 
Miles Wood               0  0  0  -1  0   1  1  0  0  0  0/0    12:45   0:00   0:32 
Nate Schmidt             0  0  0  -1  0   1  1  1  0  0  0/0    14:58   0:00   0:00 
Owen Power               0  0  0  -1  0   0  1  1  0  0  0/0    24:33   2:37   3:08 
Ryan Poehling            0  0  0   0  0   2  0  1  0  0  8/15   19:27   1:44   3:28 
Taylor Raddysh           0  0  0   0  0   3  1  0  0  0  0/0    15:59   1:44   0:00 
Trevor Zegras            1  0  1   0  0   1  0  0  0  0  0/0     7:43   0:00   0:00 
Troy Terry               0  0  0  -1  0   0  0  0  0  0  6/26   21:56   2:14   3:48 
Tyson Barrie             0  0  0   0  0   1  1  1  0  0  0/0    20:29   1:21   2:49 
Tyson Foerster           0  0  0  -1  0   2  0  0  0  0  0/0    18:08   2:14   0:00 
Yegor Chinakhov          0  0  0   0  0   3  0  0  0  0  0/1    15:59   1:44   0:00 

Players Stats for SALEM BLACK JAYS

Player Name              G  A  P  +/- PIM S  H  SB GA TA FO     MP     PP MP  PK MP  
------------------------------------------------------------------------------------
Barrett Hayton           0  0  0  -1  0   0  2  0  0  0  1/3    19:17   1:47   1:26 
Brett Seney              0  0  0   0  0   0  0  0  0  0  0/0     6:07   0:00   0:00 
Cody Ceci                0  1  1   0  2   0  0  1  0  0  0/0    21:28   2:22   1:11 
Colin Miller             0  0  0   1  0   1  1  1  0  0  0/0    18:07   0:00   0:57 
Dylan Cozens             0  0  0  -1  0   4  0  0  0  0  11/17  19:17   1:47   1:26 
Dylan Larkin             1  1  2   3  0   2  2  1  0  0  15/19  21:25   4:10   0:00 
Filip Chytil             0  0  0   0  0   0  0  0  0  0  4/7     6:07   0:00   0:00 
Joe Snively              0  0  0   0  0   0  0  0  0  0  0/0    10:39   0:00   0:00 
Joshua Morrissey         0  0  0   0  0   1  1  1  0  0  0/0    24:30   3:35   2:01 
Mark Friedman            0  0  0   0  0   0  1  0  0  0  0/0     6:34   0:00   0:27 
Martin Necas             0  0  0   0  0   3  0  0  0  0  0/1    13:11   0:00   2:32 
Mathew Barzal            0  0  0  -1  0   2  1  0  0  0  0/0    20:14   4:10   0:00 
Matthew Grzelcyk         0  0  0   1  0   0  1  1  0  0  0/0    18:03   2:22   1:40 
Mikko Rantanen           0  1  1   3  2   8  0  0  0  0  0/1    21:41   4:10   0:17 
Mitchell Marner          2  1  3   3  0   9  0  0  0  0  2/3    19:02   1:47   0:00 
Nikita Zadorov           0  0  0   1  0   0  1  1  0  0  0/0    20:14   3:35   1:40 
Theodor Blueger          0  0  0   0  0   3  0  0  0  0  8/16   12:54   0:00   2:15 
Urho Vaakanainen         0  1  1   1  0   0  0  1  0  0  0/0    17:10   0:00   0:00 

3 Stars

1 - Mitchell Marner (SAL)
2 - Dylan Larkin (SAL)
3 - Philipp Grubauer (TEX)

Power Play

TEXAS TOROS - 0 on 2 Attempt(s) - 0,00%
SALEM BLACK JAYS - 0 on 3 Attempt(s) - 0,00%

Penalty Kill

TEXAS TOROS - 3 on 3 Attempt(s) - 100,00% - Score 0 goal in Penalty Kill
SALEM BLACK JAYS - 2 on 2 Attempt(s) - 100,00% - Score 0 goal in Penalty Kill

Team Stat

TEXAS TOROS - Hits : 11 - Faceoff Wins : 26 - Blocked Shots : 8 - Penalty Minutes : 6
SALEM BLACK JAYS - Hits : 10 - Faceoff Wins : 41 - Blocked Shots : 7 - Penalty Minutes : 4

Official

Referees : Gord Dwyer and Shaun Davis
Linesman : Matt MacPherson and Luke Murray

Game Notes

Mitchell Marner has scored in a empty net!

Finance

Level 1 -- Attendance: 6000 (100,00%) -- Ticket Income 918 000 $
Level 2 -- Attendance: 5000 (100,00%) -- Ticket Income 535 000 $
Level 3 -- Attendance: 2000 (100,00%) -- Ticket Income 162 000 $
Level 4 -- Attendance: 4000 (100,00%) -- Ticket Income 232 000 $
Luxury Box -- Attendance: 982 (98,20%) -- Ticket Income 272 996 $
Game was played at the Demon Arena.
Total Attendance: 17982 (99,90%)
Total Ticket Income: 2 119 996 $
Other Expense: 21 200 $
Total Income: 2 098 796 $

TEXAS TOROS

5 vs 5 Forward 
   Center                   Left Wing                Right Wing               Time % Phy DF OF 
 1 Troy Terry               Danton Heinen            Tyson Foerster           36     1   2  2  
 2 Ryan Poehling            Yegor Chinakhov          Taylor Raddysh           31     1   2  2  
 3 Kevin Hayes              Miles Wood               Bobby Brink              23     1   2  2  
 4 Logan Cooley             Brandon Duhaime          Trevor Zegras            10     1   2  2  

5 vs 5 Defense 
   Defense                  Defense                                           Time % Phy DF OF 
 1 Mikhail Sergachev        Owen Power                                        36     1   2  2  
 2 Dougie Hamilton          Tyson Barrie                                      31     1   2  2  
 3 Nate Schmidt             Isaak Phillips                                    23     1   2  2  
 4 Mikhail Sergachev        Owen Power                                        10     1   2  2  

PowerPlay Forward 
   Center                   Left Wing                Right Wing               Time % Phy DF OF 
 1 Troy Terry               Danton Heinen            Tyson Foerster           55     1   2  2  
 2 Ryan Poehling            Yegor Chinakhov          Taylor Raddysh           45     1   2  2  

PowerPlay Defense
   Defense                  Defense                                           Time % Phy DF OF 
 1 Mikhail Sergachev        Owen Power                                        55     1   2  2  
 2 Dougie Hamilton          Tyson Barrie                                      45     1   2  2  

Penalty Kill 4 Players Forward 
   Center                   Wing                     Time % Phy DF OF 
 1 Troy Terry               Ryan Poehling            55     1   2  2  
 2 Danton Heinen            Kevin Hayes              45     1   2  2  

Penalty Kill 4 Players Defense
   Defense                  Defense                  Time % Phy DF OF 
 1 Mikhail Sergachev        Owen Power               55     1   2  2  
 2 Dougie Hamilton          Tyson Barrie             45     1   2  2  

Penalty Kill - 3 Players Forward 
   Forward                                           Time % Phy DF OF 
 1 Troy Terry                                        55     1   2  2  
 2 Ryan Poehling                                     45     1   2  2  

Penalty Kill - 3 Players Defense
   Defense                  Defense                  Time % Phy DF OF 
 1 Mikhail Sergachev        Owen Power               55     1   2  2  
 2 Dougie Hamilton          Tyson Barrie             45     1   2  2  

4 vs 4 Forward 
   Center                   Wing                     Time % Phy DF OF 
 1 Troy Terry               Ryan Poehling            55     1   2  2  
 2 Danton Heinen            Kevin Hayes              45     1   2  2  

4 vs 4 Defense
   Defense                  Defense                  Time % Phy DF OF 
 1 Mikhail Sergachev        Owen Power               55     1   2  2  
 2 Dougie Hamilton          Tyson Barrie             45     1   2  2  

Last Minutes Offensive
   Center                   Left Wing                Right Wing               Defense                  Defense                  
   Troy Terry               Danton Heinen            Tyson Foerster           Mikhail Sergachev        Owen Power               

Last Minutes Defensive
   Center                   Left Wing                Right Wing               Defense                  Defense                  
   Troy Terry               Danton Heinen            Tyson Foerster           Mikhail Sergachev        Owen Power               

Goaltenders
Starting : Philipp Grubauer         
Backup : Adin Hill                

Extra Forwards
Normal : Trevor Zegras, Logan Cooley, Miles Wood - PP : Trevor Zegras, Logan Cooley - PK : Miles Wood
Extra Defensemen
Normal : Nate Schmidt, Isaak Phillips, Dougie Hamilton - PP : Nate Schmidt - PK : Isaak Phillips, Dougie Hamilton
Penalty Shots
Troy Terry, Ryan Poehling, Danton Heinen, Kevin Hayes, Tyson Foerster
Custom OT Lines Forwards
Troy Terry, Ryan Poehling, Danton Heinen, Kevin Hayes, Tyson Foerster, Logan Cooley, Yegor Chinakhov, Miles Wood, Taylor Raddysh, Trevor Zegras
Custom OT Lines Defensemen
Mikhail Sergachev, Owen Power, Dougie Hamilton, Tyson Barrie, Nate Schmidt

Scratches
Philippe Myers (Healthy)

SALEM BLACK JAYS

5 vs 5 Forward 
   Center                   Left Wing                Right Wing               Time % Phy DF OF 
 1 Dylan Larkin             Mikko Rantanen           Mitchell Marner          38     1   1  3  
 2 Dylan Cozens             Barrett Hayton           Mathew Barzal            32     1   2  2  
 3 Theodor Blueger          Joe Snively              Martin Necas             22     1   2  2  
 4 Filip Chytil             Brett Seney              Mark Friedman            8      1   3  1  

5 vs 5 Defense 
   Defense                  Defense                                           Time % Phy DF OF 
 1 Joshua Morrissey         Cody Ceci                                         36     1   2  2  
 2 Nikita Zadorov           Matthew Grzelcyk                                  31     1   2  2  
 3 Urho Vaakanainen         Colin Miller                                      23     1   2  2  
 4 Nikita Zadorov           Joshua Morrissey                                  10     1   2  2  

PowerPlay Forward 
   Center                   Left Wing                Right Wing               Time % Phy DF OF 
 1 Dylan Larkin             Mikko Rantanen           Mathew Barzal            55     1   1  3  
 2 Dylan Cozens             Barrett Hayton           Mitchell Marner          45     1   1  3  

PowerPlay Defense
   Defense                  Defense                                           Time % Phy DF OF 
 1 Joshua Morrissey         Nikita Zadorov                                    55     1   2  2  
 2 Cody Ceci                Matthew Grzelcyk                                  45     1   2  2  

Penalty Kill 4 Players Forward 
   Center                   Wing                     Time % Phy DF OF 
 1 Theodor Blueger          Martin Necas             55     1   3  1  
 2 Dylan Cozens             Barrett Hayton           45     1   3  1  

Penalty Kill 4 Players Defense
   Defense                  Defense                  Time % Phy DF OF 
 1 Joshua Morrissey         Cody Ceci                55     1   3  1  
 2 Nikita Zadorov           Matthew Grzelcyk         45     1   3  1  

Penalty Kill - 3 Players Forward 
   Forward                                           Time % Phy DF OF 
 1 Theodor Blueger                                   55     1   1  3  
 2 Dylan Cozens                                      45     1   1  3  

Penalty Kill - 3 Players Defense
   Defense                  Defense                  Time % Phy DF OF 
 1 Joshua Morrissey         Cody Ceci                55     1   1  3  
 2 Nikita Zadorov           Matthew Grzelcyk         45     1   1  3  

4 vs 4 Forward 
   Center                   Wing                     Time % Phy DF OF 
 1 Dylan Larkin             Mitchell Marner          55     1   2  2  
 2 Mathew Barzal            Mikko Rantanen           45     1   2  2  

4 vs 4 Defense
   Defense                  Defense                  Time % Phy DF OF 
 1 Joshua Morrissey         Cody Ceci                55     1   2  2  
 2 Nikita Zadorov           Matthew Grzelcyk         45     1   2  2  

Last Minutes Offensive
   Center                   Left Wing                Right Wing               Defense                  Defense                  
   Dylan Larkin             Mikko Rantanen           Mitchell Marner          Joshua Morrissey         Cody Ceci                

Last Minutes Defensive
   Center                   Left Wing                Right Wing               Defense                  Defense                  
   Dylan Larkin             Mikko Rantanen           Mitchell Marner          Joshua Morrissey         Cody Ceci                

Goaltenders
Starting : Juuse Saros              
Backup : Alex Nedeljkovic         

Extra Forwards
Normal : Theodor Blueger, Filip Chytil, Joe Snively - PP : Theodor Blueger, Filip Chytil - PK : Mikko Rantanen
Extra Defensemen
Normal : Urho Vaakanainen, Colin Miller, Mark Friedman - PP : Urho Vaakanainen - PK : Colin Miller, Mark Friedman
Penalty Shots
Mikko Rantanen, Mitchell Marner, Mathew Barzal, Dylan Larkin, Martin Necas
Custom OT Lines Forwards
Mikko Rantanen, Mitchell Marner, Mathew Barzal, Dylan Larkin, Martin Necas, Dylan Cozens, Theodor Blueger, Barrett Hayton, Filip Chytil, Joe Snively
Custom OT Lines Defensemen
Joshua Morrissey, Cody Ceci, Nikita Zadorov, Matthew Grzelcyk, Urho Vaakanainen

Scratches
None


% Time on Ice - TEXAS TOROS

Lines # - Real PCT - Wanted PCT - Time Play
Normal Forward
1 - 31% - 36% - 15:36
2 - 29% - 31% - 14:15
3 - 25% - 23% - 12:13
4 - 16% - 10% - 7:43
Normal Defense
1 - 33% - 36% - 16:40
2 - 33% - 31% - 16:19
3 - 30% - 23% - 14:58
4 - 4% - 10% - 1:50
PP Forward
1 - 56% - 55% - 2:14
2 - 44% - 45% - 1:44
PP Defense
1 - 66% - 55% - 2:37
2 - 34% - 45% - 1:21
PK Forward
1 - 66% - 55% - 3:54
2 - 34% - 45% - 2:03
PK Defense
1 - 53% - 55% - 3:08
2 - 47% - 45% - 2:49
PK3 Forward
1 - 0% - 55%
2 - 0% - 45%
PK3 Defense
1 - 0% - 55%
2 - 0% - 45%
44 Forward
1 - 0% - 55%
2 - 0% - 45%
44 Defense
1 - 0% - 55%
2 - 0% - 45%
Last Minute Offensive  - 0:18
Last Minute Defensive  - 0:00
Total
Forward - 60:00
Defense - 60:00

% Time on Ice - SALEM BLACK JAYS

Lines # - Real PCT - Wanted PCT - Time Play
Normal Forward
1 - 34% - 38% - 16:57
2 - 32% - 32% - 16:04
3 - 21% - 22% - 10:39
4 - 12% - 8% - 6:07
Normal Defense
1 - 36% - 36% - 17:56
2 - 28% - 31% - 14:01
3 - 34% - 23% - 16:52
4 - 2% - 10% - 0:58
PP Forward
1 - 70% - 55% - 4:10
2 - 30% - 45% - 1:47
PP Defense
1 - 60% - 55% - 3:35
2 - 40% - 45% - 2:22
PK Forward
1 - 64% - 55% - 2:32
2 - 36% - 45% - 1:26
PK Defense
1 - 58% - 55% - 2:18
2 - 42% - 45% - 1:40
PK3 Forward
1 - 0% - 55%
2 - 0% - 45%
PK3 Defense
1 - 0% - 55%
2 - 0% - 45%
44 Forward
1 - 0% - 55%
2 - 0% - 45%
44 Defense
1 - 0% - 55%
2 - 0% - 45%
Last Minute Offensive  - 0:00
Last Minute Defensive  - 0:18
Total
Forward - 60:00
Defense - 60:00

Play-by-Play

1st period


0:01 of 1st period - Troy Terry wins face-off versus Dylan Larkin in neutral zone.
0:14 of 1st period - Shot by Mitchell Marner.
0:14 of 1st period - Stopped by Philipp Grubauer without a rebound.
0:15 of 1st period - Barrett Hayton wins face-off versus Ryan Poehling in TEXAS TOROS zone.
0:16 of 1st period - Shot by Mathew Barzal.
0:16 of 1st period - Shot Blocked by Ryan Poehling.
0:24 of 1st period - Shot by Dylan Cozens.
0:24 of 1st period - Stopped by Philipp Grubauer with a rebound.
0:28 of 1st period - Shot by Mathew Barzal.
0:28 of 1st period - Shot Misses the Net.
1:09 of 1st period - Ryan Poehling is hit by Colin Miller and loses puck.
1:13 of 1st period - Icing by Theodor Blueger.
1:14 of 1st period - Kevin Hayes wins face-off versus Theodor Blueger in SALEM BLACK JAYS zone.
1:35 of 1st period - Shot by Martin Necas.
1:35 of 1st period - Shot Misses the Net.
2:12 of 1st period - Shot by Mitchell Marner.
2:12 of 1st period - Deflect By Mikko Rantanen.
2:12 of 1st period - Shot Misses the Net.
2:14 of 1st period - Shot by Mitchell Marner.
2:14 of 1st period - Shot Misses the Net.
2:16 of 1st period - Shot by Mitchell Marner.
2:16 of 1st period - Goal by Mitchell Marner - TEXAS TOROS : 0 - SALEM BLACK JAYS : 1.
2:17 of 1st period - Filip Chytil wins face-off versus Troy Terry in neutral zone.
2:33 of 1st period - Shot by Tyson Foerster.
2:33 of 1st period - Shot Misses the Net.
2:35 of 1st period - Shot by Tyson Foerster.
2:35 of 1st period - Shot Misses the Net.
3:01 of 1st period - Nikita Zadorov is hit by Danton Heinen and loses puck.
3:27 of 1st period - Icing by Mitchell Marner.
3:28 of 1st period - Logan Cooley wins face-off versus Dylan Larkin in SALEM BLACK JAYS zone.
3:32 of 1st period - Icing by Mikko Rantanen.
3:33 of 1st period - Dylan Larkin wins face-off versus Logan Cooley in SALEM BLACK JAYS zone.
3:56 of 1st period - Shot by Mitchell Marner.
3:56 of 1st period - Stopped by Philipp Grubauer without a rebound.
3:57 of 1st period - Dylan Cozens wins face-off versus Ryan Poehling in TEXAS TOROS zone.
5:08 of 1st period - Shot by Owen Power.
5:08 of 1st period - Shot Misses the Net.
5:59 of 1st period - Mikko Rantanen is hit by Tyson Barrie.
6:01 of 1st period - Shot by Dylan Larkin.
6:01 of 1st period - Shot Misses the Net.
6:03 of 1st period - Shot by Dylan Larkin.
6:03 of 1st period - Shot Misses the Net.
6:40 of 1st period - Shot by Martin Necas.
6:40 of 1st period - Deflect By Theodor Blueger.
6:40 of 1st period - Shot Misses the Net.
7:00 of 1st period - Shot by Yegor Chinakhov.
7:00 of 1st period - Stopped by Juuse Saros without a rebound.
7:01 of 1st period - Filip Chytil wins face-off versus Ryan Poehling in SALEM BLACK JAYS zone.
7:40 of 1st period - Shot by Ryan Poehling.
7:40 of 1st period - Deflect By Taylor Raddysh.
7:40 of 1st period - Stopped by Juuse Saros with a rebound.
7:42 of 1st period - Shot by Ryan Poehling.
7:42 of 1st period - Stopped by Juuse Saros without a rebound.
7:43 of 1st period - Dylan Larkin wins face-off versus Logan Cooley in SALEM BLACK JAYS zone.
8:12 of 1st period - Shot by Mikko Rantanen.
8:12 of 1st period - Stopped by Philipp Grubauer without a rebound.
8:13 of 1st period - Kevin Hayes wins face-off versus Theodor Blueger in TEXAS TOROS zone.
8:55 of 1st period - Shot by Bobby Brink.
8:55 of 1st period - Stopped by Juuse Saros without a rebound.
8:56 of 1st period - Dylan Larkin wins face-off versus Troy Terry in SALEM BLACK JAYS zone.
9:22 of 1st period - Shot by Tyson Foerster.
9:22 of 1st period - Shot Misses the Net.
9:51 of 1st period - Shot by Taylor Raddysh.
9:51 of 1st period - Shot Blocked by Dylan Larkin.
9:53 of 1st period - Shot by Taylor Raddysh.
9:53 of 1st period - Shot Misses the Net.
9:57 of 1st period - Shot by Yegor Chinakhov.
9:57 of 1st period - Shot Misses the Net.
9:59 of 1st period - Shot by Nate Schmidt.
9:59 of 1st period - Shot Misses the Net.
10:25 of 1st period - Shot by Yegor Chinakhov.
10:25 of 1st period - Stopped by Juuse Saros without a rebound.
10:26 of 1st period - Dylan Cozens wins face-off versus Logan Cooley in SALEM BLACK JAYS zone.
10:37 of 1st period - Shot by Dylan Cozens.
10:37 of 1st period - Deflect By Mathew Barzal.
10:37 of 1st period - Shot Misses the Net.
10:43 of 1st period - Shot by Logan Cooley.
10:43 of 1st period - Shot Misses the Net.
10:52 of 1st period - Icing by Mathew Barzal.
10:53 of 1st period - Kevin Hayes wins face-off versus Dylan Cozens in SALEM BLACK JAYS zone.
10:54 of 1st period - Shot by Miles Wood.
10:54 of 1st period - Stopped by Juuse Saros without a rebound.
10:55 of 1st period - Theodor Blueger wins face-off versus Troy Terry in SALEM BLACK JAYS zone.
11:45 of 1st period - Minor Penalty to Dougie Hamilton for Roughing.
11:46 of 1st period - Dylan Larkin wins face-off versus Troy Terry in TEXAS TOROS zone.
11:51 of 1st period - Shot by Mikko Rantanen.
11:51 of 1st period - Stopped by Philipp Grubauer with a rebound.
12:25 of 1st period - Shot by Joshua Morrissey.
12:25 of 1st period - Stopped by Philipp Grubauer without a rebound.
12:26 of 1st period - Dylan Cozens wins face-off versus Danton Heinen in TEXAS TOROS zone.
12:32 of 1st period - Dylan Cozens is hit by Isaak Phillips and loses puck.
13:03 of 1st period - Shot by Mitchell Marner.
13:03 of 1st period - Stopped by Philipp Grubauer with a rebound.
13:25 of 1st period - Owen Power is hit by Mathew Barzal.
14:01 of 1st period - Shot by Martin Necas.
14:01 of 1st period - Shot Misses the Net.
14:34 of 1st period - Icing by Isaak Phillips.
14:35 of 1st period - Dylan Cozens wins face-off versus Logan Cooley in TEXAS TOROS zone.
16:49 of 1st period - Shot by Theodor Blueger.
16:49 of 1st period - Stopped by Philipp Grubauer without a rebound.
16:50 of 1st period - Dylan Cozens wins face-off versus Logan Cooley in TEXAS TOROS zone.
17:18 of 1st period - Shot by Dylan Cozens.
17:18 of 1st period - Shot Blocked by Isaak Phillips.
17:37 of 1st period - Icing by Brandon Duhaime.
17:38 of 1st period - Dylan Larkin wins face-off versus Logan Cooley in TEXAS TOROS zone.
17:45 of 1st period - Shot by Dylan Larkin.
17:45 of 1st period - Shot Blocked by Nate Schmidt.
17:52 of 1st period - Shot by Mikko Rantanen.
17:52 of 1st period - Shot Hit the Post.
17:54 of 1st period - Shot by Mitchell Marner.
17:54 of 1st period - Stopped by Philipp Grubauer without a rebound.
17:55 of 1st period - Troy Terry wins face-off versus Filip Chytil in TEXAS TOROS zone.
18:52 of 1st period - Shot by Ryan Poehling.
18:52 of 1st period - Shot Blocked by Colin Miller.
19:11 of 1st period - Shot by Taylor Raddysh.
19:11 of 1st period - Stopped by Juuse Saros with a rebound.
19:17 of 1st period - Shot by Yegor Chinakhov.
19:17 of 1st period - Shot Misses the Net.
19:25 of 1st period - Shot by Yegor Chinakhov.
19:25 of 1st period - Deflect By Taylor Raddysh.
19:25 of 1st period - Shot Misses the Net.
19:40 of 1st period - Icing by Colin Miller.
19:41 of 1st period - Filip Chytil wins face-off versus Kevin Hayes in SALEM BLACK JAYS zone.
Goals for this period are 0 for TEXAS TOROS vs 1 for SALEM BLACK JAYS.
Shots for this period are 7 for TEXAS TOROS vs 10 for SALEM BLACK JAYS.

2nd period


0:01 of 2nd period - Dylan Larkin wins face-off versus Troy Terry in neutral zone.
0:42 of 2nd period - Shot by Mikko Rantanen.
0:42 of 2nd period - Stopped by Philipp Grubauer without a rebound.
0:43 of 2nd period - Ryan Poehling wins face-off versus Dylan Cozens in TEXAS TOROS zone.
2:46 of 2nd period - Shot by Nate Schmidt.
2:46 of 2nd period - Stopped by Juuse Saros with a rebound.
2:54 of 2nd period - Shot by Tyson Foerster.
2:54 of 2nd period - Stopped by Juuse Saros without a rebound.
2:55 of 2nd period - Logan Cooley wins face-off versus Dylan Cozens in SALEM BLACK JAYS zone.
3:11 of 2nd period - Shot by Mathew Barzal.
3:11 of 2nd period - Stopped by Philipp Grubauer with a rebound.
3:24 of 2nd period - Barrett Hayton is hit by Nate Schmidt and loses puck.
3:48 of 2nd period - Icing by Owen Power.
3:49 of 2nd period - Dylan Larkin wins face-off versus Troy Terry in TEXAS TOROS zone.
4:03 of 2nd period - Shot by Dylan Larkin.
4:03 of 2nd period - Shot Misses the Net.
4:05 of 2nd period - Shot by Mitchell Marner.
4:05 of 2nd period - Shot Misses the Net.
4:07 of 2nd period - Shot by Mikko Rantanen.
4:07 of 2nd period - The goal is going for a video replay.
4:07 of 2nd period - The goal is refused.
4:08 of 2nd period - Theodor Blueger wins face-off versus Ryan Poehling in TEXAS TOROS zone.
4:29 of 2nd period - Shot by Theodor Blueger.
4:29 of 2nd period - Shot Misses the Net.
5:06 of 2nd period - Minor Penalty to Mikko Rantanen for Hooking.
5:07 of 2nd period - Dylan Cozens wins face-off versus Troy Terry in SALEM BLACK JAYS zone.
5:16 of 2nd period - Dylan Cozens is hit by Danton Heinen and loses puck.
5:36 of 2nd period - Shot by Tyson Foerster.
5:36 of 2nd period - Shot Blocked by Cody Ceci.
5:38 of 2nd period - Shot by Owen Power.
5:38 of 2nd period - Shot Misses the Net.
5:51 of 2nd period - Icing by Mikhail Sergachev.
5:52 of 2nd period - Troy Terry wins face-off versus Theodor Blueger in TEXAS TOROS zone.
5:56 of 2nd period - Icing by Danton Heinen.
5:57 of 2nd period - Theodor Blueger wins face-off versus Troy Terry in TEXAS TOROS zone.
6:44 of 2nd period - Shot by Yegor Chinakhov.
6:44 of 2nd period - Shot Blocked by Matthew Grzelcyk.
6:46 of 2nd period - Shot by Tyson Barrie.
6:46 of 2nd period - Shot Hit the Post.
6:48 of 2nd period - Shot by Ryan Poehling.
6:48 of 2nd period - Deflect By Yegor Chinakhov.
6:48 of 2nd period - Shot Misses the Net.
6:50 of 2nd period - Shot by Tyson Barrie.
6:50 of 2nd period - Stopped by Juuse Saros with a rebound.
6:52 of 2nd period - Shot by Ryan Poehling.
6:52 of 2nd period - Stopped by Juuse Saros without a rebound.
6:53 of 2nd period - Ryan Poehling wins face-off versus Theodor Blueger in SALEM BLACK JAYS zone.
7:28 of 2nd period - Shot by Mikko Rantanen.
7:28 of 2nd period - Shot Hit the Post.
7:32 of 2nd period - Shot by Mikko Rantanen.
7:32 of 2nd period - Stopped by Philipp Grubauer without a rebound.
7:33 of 2nd period - Logan Cooley wins face-off versus Barrett Hayton in TEXAS TOROS zone.
8:02 of 2nd period - Shot by Logan Cooley.
8:02 of 2nd period - Deflect By Trevor Zegras.
8:02 of 2nd period - Goal by Trevor Zegras - TEXAS TOROS : 1 - SALEM BLACK JAYS : 1.
8:03 of 2nd period - Ryan Poehling wins face-off versus Dylan Larkin in neutral zone.
8:03 of 2nd period - Ryan Poehling is hit by Dylan Larkin.
8:19 of 2nd period - Shot by Mikko Rantanen.
8:19 of 2nd period - Stopped by Philipp Grubauer without a rebound.
8:20 of 2nd period - Dylan Cozens wins face-off versus Troy Terry in TEXAS TOROS zone.
9:37 of 2nd period - Shot by Mikko Rantanen.
9:37 of 2nd period - Stopped by Philipp Grubauer without a rebound.
9:38 of 2nd period - Theodor Blueger wins face-off versus Ryan Poehling in TEXAS TOROS zone.
10:09 of 2nd period - Shot by Martin Necas.
10:09 of 2nd period - Shot Misses the Net.
10:55 of 2nd period - Shot by Bobby Brink.
10:55 of 2nd period - Stopped by Juuse Saros without a rebound.
10:56 of 2nd period - Logan Cooley wins face-off versus Dylan Cozens in SALEM BLACK JAYS zone.
11:31 of 2nd period - Icing by Dougie Hamilton.
11:32 of 2nd period - Dylan Larkin wins face-off versus Logan Cooley in TEXAS TOROS zone.
11:39 of 2nd period - Shot by Dylan Larkin.
11:39 of 2nd period - Goal by Dylan Larkin - TEXAS TOROS : 1 - SALEM BLACK JAYS : 2.
11:40 of 2nd period - Dylan Larkin wins face-off versus Troy Terry in neutral zone.
11:57 of 2nd period - Shot by Mitchell Marner.
11:57 of 2nd period - Shot Blocked by Owen Power.
11:59 of 2nd period - Shot by Mitchell Marner.
11:59 of 2nd period - Stopped by Philipp Grubauer without a rebound.
12:00 of 2nd period - Dylan Cozens wins face-off versus Kevin Hayes in TEXAS TOROS zone.
13:03 of 2nd period - Shot by Mitchell Marner.
13:03 of 2nd period - Stopped by Philipp Grubauer without a rebound.
13:04 of 2nd period - Theodor Blueger wins face-off versus Troy Terry in TEXAS TOROS zone.
13:09 of 2nd period - Shot by Martin Necas.
13:09 of 2nd period - Stopped by Philipp Grubauer without a rebound.
13:10 of 2nd period - Dylan Larkin wins face-off versus Troy Terry in TEXAS TOROS zone.
13:31 of 2nd period - Mitchell Marner is hit by Owen Power and loses puck.
13:38 of 2nd period - Shot by Dylan Larkin.
13:38 of 2nd period - Shot Misses the Net.
13:50 of 2nd period - Shot by Mitchell Marner.
13:50 of 2nd period - Shot Misses the Net.
14:15 of 2nd period - Icing by Cody Ceci.
14:16 of 2nd period - Ryan Poehling wins face-off versus Dylan Cozens in SALEM BLACK JAYS zone.
15:16 of 2nd period - Icing by Urho Vaakanainen.
15:17 of 2nd period - Theodor Blueger wins face-off versus Kevin Hayes in SALEM BLACK JAYS zone.
15:30 of 2nd period - Shot by Theodor Blueger.
15:30 of 2nd period - Stopped by Philipp Grubauer without a rebound.
15:31 of 2nd period - Dylan Larkin wins face-off versus Logan Cooley in TEXAS TOROS zone.
15:38 of 2nd period - Shot by Mikko Rantanen.
15:38 of 2nd period - Stopped by Philipp Grubauer with a rebound.
16:09 of 2nd period - Shot by Logan Cooley.
16:09 of 2nd period - Stopped by Juuse Saros with a rebound.
16:11 of 2nd period - Shot by Logan Cooley.
16:11 of 2nd period - Shot Misses the Net.
16:13 of 2nd period - Shot by Brandon Duhaime.
16:13 of 2nd period - Stopped by Juuse Saros without a rebound.
16:14 of 2nd period - Dylan Cozens wins face-off versus Troy Terry in SALEM BLACK JAYS zone.
16:42 of 2nd period - Troy Terry is hit by Joshua Morrissey and loses puck.
17:18 of 2nd period - Shot by Yegor Chinakhov.
17:18 of 2nd period - Shot Misses the Net.
17:19 of 2nd period - Minor Penalty to Cody Ceci for High sticking.
17:20 of 2nd period - Ryan Poehling wins face-off versus Theodor Blueger in SALEM BLACK JAYS zone.
17:21 of 2nd period - Shot by Yegor Chinakhov.
17:21 of 2nd period - Stopped by Juuse Saros without a rebound.
17:22 of 2nd period - Ryan Poehling wins face-off versus Theodor Blueger in SALEM BLACK JAYS zone.
17:31 of 2nd period - Shot by Mikhail Sergachev.
17:31 of 2nd period - Shot Blocked by Nikita Zadorov.
17:33 of 2nd period - Shot by Owen Power.
17:33 of 2nd period - Shot Misses the Net.
17:35 of 2nd period - Shot by Taylor Raddysh.
17:35 of 2nd period - Stopped by Juuse Saros without a rebound.
17:36 of 2nd period - Troy Terry wins face-off versus Theodor Blueger in SALEM BLACK JAYS zone.
17:36 of 2nd period - Tyson Foerster is hit by Nikita Zadorov and loses puck.
19:20 of 2nd period - Minor Penalty to Brandon Duhaime for Cross-checking.
19:21 of 2nd period - Troy Terry wins face-off versus Dylan Larkin in TEXAS TOROS zone.
Goals for this period are 1 for TEXAS TOROS vs 1 for SALEM BLACK JAYS.
Shots for this period are 10 for TEXAS TOROS vs 12 for SALEM BLACK JAYS.

3rd period


0:01 of 3rd period - Dylan Larkin wins face-off versus Troy Terry in neutral zone.
1:15 of 3rd period - Shot by Barrett Hayton.
1:15 of 3rd period - Shot Misses the Net.
1:17 of 3rd period - Shot by Mitchell Marner.
1:17 of 3rd period - Stopped by Philipp Grubauer without a rebound.
1:18 of 3rd period - Dylan Cozens wins face-off versus Danton Heinen in TEXAS TOROS zone.
1:21 of 3rd period - Shot by Mitchell Marner.
1:21 of 3rd period - Shot Misses the Net.
1:23 of 3rd period - Shot by Colin Miller.
1:23 of 3rd period - Stopped by Philipp Grubauer with a rebound.
1:27 of 3rd period - Shot by Theodor Blueger.
1:27 of 3rd period - Stopped by Philipp Grubauer without a rebound.
1:28 of 3rd period - Kevin Hayes wins face-off versus Theodor Blueger in TEXAS TOROS zone.
1:49 of 3rd period - Shot by Bobby Brink.
1:49 of 3rd period - Shot Blocked by Urho Vaakanainen.
1:55 of 3rd period - Shot by Miles Wood.
1:55 of 3rd period - Shot Misses the Net.
3:02 of 3rd period - Shot by Dylan Larkin.
3:02 of 3rd period - Shot Misses the Net.
4:26 of 3rd period - Icing by Cody Ceci.
4:27 of 3rd period - Kevin Hayes wins face-off versus Filip Chytil in SALEM BLACK JAYS zone.
4:54 of 3rd period - Shot by Kevin Hayes.
4:54 of 3rd period - Stopped by Juuse Saros without a rebound.
4:55 of 3rd period - Dylan Larkin wins face-off versus Troy Terry in SALEM BLACK JAYS zone.
4:59 of 3rd period - Icing by Mikko Rantanen.
5:00 of 3rd period - Mitchell Marner wins face-off versus Troy Terry in SALEM BLACK JAYS zone.
5:24 of 3rd period - Mitchell Marner is hit by Dougie Hamilton and loses puck.
5:31 of 3rd period - Shot by Mitchell Marner.
5:31 of 3rd period - Shot Misses the Net.
5:33 of 3rd period - Shot by Dylan Larkin.
5:33 of 3rd period - Deflect By Mitchell Marner.
5:33 of 3rd period - Shot Blocked by Tyson Barrie.
5:35 of 3rd period - Shot by Dylan Larkin.
5:35 of 3rd period - Stopped by Philipp Grubauer without a rebound.
5:36 of 3rd period - Kevin Hayes wins face-off versus Dylan Cozens in TEXAS TOROS zone.
5:36 of 3rd period - Kevin Hayes is hit by Barrett Hayton.
5:42 of 3rd period - Mathew Barzal is hit by Miles Wood and loses puck.
6:08 of 3rd period - Mikhail Sergachev is hit by Matthew Grzelcyk and loses puck.
6:17 of 3rd period - Shot by Mathew Barzal.
6:17 of 3rd period - Shot Blocked by Mikhail Sergachev.
6:19 of 3rd period - Shot by Dylan Cozens.
6:19 of 3rd period - Shot Blocked by Mikhail Sergachev.
6:51 of 3rd period - Shot by Dylan Larkin.
6:51 of 3rd period - Shot Misses the Net.
7:13 of 3rd period - Joshua Morrissey is hit by Taylor Raddysh and loses puck.
7:28 of 3rd period - Tyson Foerster is hit by Dylan Larkin and loses puck.
8:24 of 3rd period - Shot by Dylan Cozens.
8:24 of 3rd period - Shot Misses the Net.
9:15 of 3rd period - Shot by Martin Necas.
9:15 of 3rd period - Stopped by Philipp Grubauer without a rebound.
9:16 of 3rd period - Theodor Blueger wins face-off versus Ryan Poehling in TEXAS TOROS zone.
9:21 of 3rd period - Shot by Martin Necas.
9:21 of 3rd period - Stopped by Philipp Grubauer without a rebound.
9:22 of 3rd period - Theodor Blueger wins face-off versus Ryan Poehling in TEXAS TOROS zone.
10:21 of 3rd period - Tyson Barrie is hit by Barrett Hayton.
11:34 of 3rd period - Mitchell Marner is hit by Mikhail Sergachev and loses puck.
11:48 of 3rd period - Minor Penalty to Bobby Brink for Hooking.
11:49 of 3rd period - Dylan Larkin wins face-off versus Troy Terry in TEXAS TOROS zone.
12:58 of 3rd period - Shot by Dylan Cozens.
12:58 of 3rd period - Stopped by Philipp Grubauer with a rebound.
13:00 of 3rd period - Shot by Matthew Grzelcyk.
13:00 of 3rd period - Shot Blocked by Mikhail Sergachev.
13:08 of 3rd period - Shot by Dylan Cozens.
13:08 of 3rd period - Stopped by Philipp Grubauer without a rebound.
13:09 of 3rd period - Dylan Cozens wins face-off versus Troy Terry in TEXAS TOROS zone.
13:12 of 3rd period - Shot by Mitchell Marner.
13:12 of 3rd period - Deflect By Dylan Cozens.
13:12 of 3rd period - Stopped by Philipp Grubauer without a rebound.
13:13 of 3rd period - Dylan Larkin wins face-off versus Troy Terry in TEXAS TOROS zone.
14:00 of 3rd period - Shot by Logan Cooley.
14:00 of 3rd period - Stopped by Juuse Saros without a rebound.
14:01 of 3rd period - Kevin Hayes wins face-off versus Filip Chytil in SALEM BLACK JAYS zone.
14:48 of 3rd period - Icing by Mark Friedman.
14:49 of 3rd period - Filip Chytil wins face-off versus Yegor Chinakhov in SALEM BLACK JAYS zone.
14:54 of 3rd period - Owen Power is hit by Mark Friedman and loses puck.
15:46 of 3rd period - Icing by Tyson Barrie.
15:47 of 3rd period - Mitchell Marner wins face-off versus Troy Terry in TEXAS TOROS zone.
16:32 of 3rd period - Dylan Larkin is hit by Dougie Hamilton and loses puck.
18:02 of 3rd period - Icing by Nate Schmidt.
18:03 of 3rd period - Ryan Poehling wins face-off versus Mikko Rantanen in TEXAS TOROS zone.
18:18 of 3rd period - Shot by Ryan Poehling.
18:18 of 3rd period - Deflect By Yegor Chinakhov.
18:18 of 3rd period - Shot Blocked by Joshua Morrissey.
19:01 of 3rd period - TEXAS TOROS, Philipp Grubauer is pulled from the net.
19:01 of 3rd period - Shot by Tyson Foerster.
19:01 of 3rd period - Stopped by Juuse Saros without a rebound.
19:02 of 3rd period - Troy Terry wins face-off versus Mitchell Marner in SALEM BLACK JAYS zone.
19:13 of 3rd period - Shot by Dylan Larkin.
19:13 of 3rd period - Shot Misses the Net.
19:19 of 3rd period - Shot by Mitchell Marner.
19:19 of 3rd period - Goal by Mitchell Marner - TEXAS TOROS : 1 - SALEM BLACK JAYS : 3.
19:19 of 3rd period - Philipp Grubauer from TEXAS TOROS was sent back in the game.
19:20 of 3rd period - Kevin Hayes wins face-off versus Barrett Hayton in neutral zone.
19:37 of 3rd period - Shot by Dylan Cozens.
19:37 of 3rd period - Shot Misses the Net.
19:47 of 3rd period - Shot by Mathew Barzal.
19:47 of 3rd period - Stopped by Philipp Grubauer without a rebound.
19:48 of 3rd period - Ryan Poehling wins face-off versus Martin Necas in TEXAS TOROS zone.
Goals for this period are 0 for TEXAS TOROS vs 1 for SALEM BLACK JAYS.
Shots for this period are 3 for TEXAS TOROS vs 11 for SALEM BLACK JAYS.


VINCE
DUNN
JAMIE
BENN
JONATHAN
DROUIN

EAST COAST

HOCKEY LEAGUE